 Dungeon Crawl Stone Soup version 0.21.0-25-ge575cb9 (webtiles) character file.

24 Mirai the Conjurer (level 2, 0/15 HPs)
             Began as a Deep Elf Conjurer on Jan 24, 2018.
             Slain by Sigmund
             ... wielding a +0 scythe
              (1 damage)
             ... on level 2 of the Dungeon.
             The game lasted 00:04:55 (1235 turns).

Mirai the Conjurer (Deep Elf Conjurer)              Turns: 1235, Time: 00:04:56

Health: 0/15       AC:  3    Str:  5    XL:     2   Next: 79%
Magic:  3/8        EV: 13    Int: 19    God:
Gold:   23         SH:  0    Dex: 15    Spells: 4/7 levels left

rFire    . . .     SeeInvis .   i - -1 dagger (curse)
rCold    . . .     Gourm    .   (no shield)
rNeg     . . .     Faith    .   a - +0 robe
rPois    .         Spirit   .   (no helmet)
rElec    .         Reflect  .   (no cloak)
rCorr    .         Harm     .   (no gloves)
MR       .....                  g - +0 pair of boots
Stlth    ++........             (no amulet)
HPRegen  0.05/turn              (no ring)
MPRegen  0.11/turn              (no ring)

@: no status effects
A: no striking features
a: no special abilities


You were on level 2 of the Dungeon.
You were not hungry.

You visited 1 branch of the dungeon, and saw 2 of its levels.

You collected 23 gold pieces.

Inventory:

Hand Weapons
 e - a +1 short sword
 i - a cursed -1 dagger (weapon)
 k - a +0 club
 l - a +0 whip of electrocution
 m - a cursed -2 whip
 p - a +0 dagger
 q - a +0 short sword
Missiles
 j - 79 stones (quivered)
 s - 23 arrows
Armour
 a - a +0 robe (worn)
 d - a +0 ring mail
 g - a +0 pair of boots (worn)
 h - a +0 shield
 t - a +0 ring mail
 u - a cursed +0 robe
Potions
 f - a potion of might {unknown}
 n - a potion of curing {unknown}
 o - a potion of invisibility {unknown}
Books
 b - a book of Conjurations

   Spells                             Type                      Level
   a - Magic Dart                     Conjuration                  1
   b - Searing Ray                    Conjuration                  2
   c - Dazzling Spray                 Conjuration/Hexes            3
   d - Fulminant Prism                Conjuration/Hexes            4
   e - Force Lance                    Conjuration/Translocation    4
   f - Iskenderun's Mystic Blast      Conjuration                  4
Comestibles
 c - a ration
 r - 3 chunks of flesh


   Skills:
 + Level 2.5 Dodging
 + Level 2.5 Stealth
 + Level 3.2 Spellcasting
 + Level 5.2 Conjurations


You had 4 spell levels left.
You knew the following spells:

 Your Spells              Type           Power        Failure   Level  Hunger
a - Magic Dart            Conj           ###.         1%          1    None
b - Searing Ray           Conj           ###...       2%          2    ##.....


Dungeon Overview and Level Annotations

Branches:
Dungeon (2/15)

Altars:

Annotations:
D:2 Sigmund


Message History

The searing ray hits Sigmund.
Sigmund is moderately wounded.
Sigmund barely misses you.
The searing ray hits Sigmund.
Sigmund is moderately wounded.
You finish channeling your searing ray.
Sigmund casts a spell.
Sigmund flickers and vanishes!
Deactivating autopickup; reactivate with Ctrl-A.
A magic dart appears from out of thin air!
The magic dart hits you!
A magic dart appears from out of thin air!
The magic dart hits you!
Ouch! That really hurt!
* * * LOW HITPOINT WARNING * * *
Casting: Searing Ray
Confirm with . or Enter, or press ? or * to list all spells.
You can't see any susceptible monsters within range! (Use Z to cast anyway.)
Something hits you.
You die...

♣. #.# ♣.##.### #
♣......#.#
#..%...#.#
#........ #.?...#
#..{..# ##%## #
#.###.@.##.###
#.............
#####...##.### #.#
##.###.# #.# #.#
#.# #.# #<# #.#
#.# #.# #.######.#
#.###.##...#.#
#..........#.#####


There were no monsters in sight!

Vanquished Creatures
  An ooze (D:2)
  4 bats
  A giant cockroach (D:2)
  4 goblins (D:1)
  2 hobgoblins
  2 frilled lizards (D:1)
  3 kobolds (D:1)
  4 rats
21 creatures vanquished.

Notes
Turn   | Place    | Note
-------+----------+-------------------------------------------
     0 | D:1      | Mirai the Deep Elf Conjurer began the quest for the Orb.
     0 | D:1      | Reached XP level 1. HP: 10/10 MP: 6/6
   196 | D:1      | Reached XP level 2. HP: 15/15 MP: 1/8
   552 | D:1      | Reached skill level 5 in Conjurations
   874 | D:1      | Learned a level 2 spell: Searing Ray
  1224 | D:2      | Noticed Sigmund
  1235 | D:2      | Slain by Sigmund

Skill      XL: |  1  2 |
---------------+-------+-----
Conjurations   | 5 |  5.2
Dodging        | |  2.5
Stealth        | |  2.5
Spellcasting   | |  3.2

Action                   || total
-------------------------++-------
Melee: Dagger            ||     2
       Short sword       ||     1
 Cast: Magic Dart        ||    30
       Searing Ray       ||     3
  Use: Scroll            ||     3
  Eat: Chunk             ||     1
Armor: Robe              ||     6
Dodge: Dodged            ||    11
